 Dungeon Crawl Stone Soup version 0.31-a0-1005-gfbdfbacc72 (webtiles) character file.

Game seed: 18240747820254464338

245 Armakuni the Charlatan (level 5, 0/40 HPs)
             Began as a Draconian Artificer on Nov 11, 2023.
             Succumbed to a water moccasin's poison
             ... on level 4 of the Dungeon.
             The game lasted 00:07:29 (3170 turns).

Armakuni the Charlatan (Draconian Artificer)        Turns: 3170, Time: 00:07:29

Health: 0/40       AC:  5    Str: 11 (14) XL:     5   Next: 83%
Magic:  14/14      EV: 12    Int: 13 (14) God:
Gold:   234        SH:  0    Dex:  9 (11) Spells: 4/4 levels left

rFire   . . .        a - +0 flail
rCold   . . .        (no shield)
rNeg    . . .        (body armour unavailable)
rPois   .            (helmet restricted)
rElec   .            (no cloak)
rCorr   .            (no gloves)
SInv    .            (no boots)
Will    .....        (no amulet)
Stlth   +            P - ring of magical power
HPRegen 0.26/turn    (no ring)
MPRegen 0.14/turn

%: no passive effects
@: lethally poisoned (0 -> -16)
A: AC +5, unfitting armour, cold-blooded
a: no special abilities


You were on level 4 of the Dungeon.
You visited 1 branch of the dungeon, and saw 4 of its levels.

You collected 234 gold pieces.

Inventory:

Hand Weapons
 a - a +0 flail (weapon)
Jewellery
 P - a ring of magical power (left hand)
Wands
 c - a wand of charming (12)
Scrolls
 b - a scroll of immolation {unknown}
 d - 2 scrolls of teleportation
 h - a scroll of vulnerability
 i - 2 scrolls of enchant armour
 l - a scroll of torment
Potions
 e - 3 potions of haste {unknown}
 f - a potion of might {unknown}
 g - 3 potions of degeneration
 k - a potion of heal wounds {unknown}
 m - a potion of cancellation {unknown}
 n - a potion of brilliance {unknown}
 o - a potion of mutation {unknown}
 p - 4 potions of curing {unknown}
 q - a potion of enlightenment {unknown}
 r - a potion of attraction {unknown}


   Skills:
 - Level 1.1 Fighting
 - Level 1.0 Maces & Flails
 - Level 2.1 Dodging
 - Level 0.8 Stealth
 + Level 6.5 Evocations


You had 4 spell levels left.
You didn't know any spells.
Your spell library contained the following spells:

 Spells                   Type           Power      Damage    Failure   Level
 Leda's Liquefaction      Hex/Erth       0%         N/A       97%         4
 Lee's Rapid Deconstruct  Erth           0%         3d4*      100%        5
 Bombard                  Conj/Erth      0%         9d1       100%        6


Dungeon Overview and Level Annotations

Branches:
Dungeon (4/15)
 Temple: D:4-7

Altars:
Okawaru


Innate Abilities, Weirdness & Mutations

Your plain brown scales are hard. (AC +5)
You cannot fit into any form of body armour.
You are cold-blooded and may be slowed by cold attacks.


Message History

The water moccasin is almost dead.
The endoplasm closely misses you. The water moccasin bites you.
You are poisoned.
The water moccasin poisons you!
You hit the water moccasin but do no damage.
The water moccasin is almost dead.
You feel very sick. The endoplasm closely misses you.
The water moccasin bites you but does no damage.
A giant cockroach comes into view.
The endoplasm closely misses you. The water moccasin closely misses you.
You feel sick.
The water moccasin attacks as it pursues you!
The water moccasin closely misses you.
You feel sick. The endoplasm freezes you.
You are frozen.
The water moccasin bites you.
There are monsters nearby!
You feel sick. The water moccasin bites you.
You are lethally poisoned!
The water moccasin poisons you!
The endoplasm hits you but does no damage.
Aiming: Iceblast
Press: ? - help, Shift-Dir - straight line, p - water moccasin The mass of ice explodes!
The iceblast engulfs the water moccasin!!
You kill the water moccasin!
The now-empty wand crumbles to dust.
* * * LOW HITPOINT WARNING * * *
You feel very sick. The endoplasm freezes you.
You are frozen.
* * * LOW HITPOINT WARNING * * *
The giant cockroach bites you but does no damage.
Your Evocations skill increases to level 6!
You have reached level 5!
It was a potion of degeneration.
There was something very wrong with that liquid.
You feel weakened.
You feel dopey.
You feel clumsy.
You die...

#...........#
##....>#
...##.......#
##....##
..###........#
#...>#.## .##
##........
##...###.# .#
.......
####...## ### .#
#......##.....##
.##
......(......#
..# ........†.##
..# ......B@J.#
#..#
....#......#
...# ..#
#.......# #..# .
#......#... ...#
#....####.# ...
.....## .#
.....## # ....#


You could see an endoplasm and a giant cockroach.

Vanquished Creatures
  A water moccasin (D:4)
  2 orc wizards
  An adder (D:3)
  2 worms
  A dart slug (D:3)
  2 orcs
  6 ball pythons
  5 bats
  7 endoplasms
  A giant cockroach (D:1)
  5 goblins
  2 hobgoblins (D:1)
  6 jackals (D:3)
  7 quokkas
  4 frilled lizards
  4 kobolds
  4 rats
60 creatures vanquished.

Vanquished Creatures (collateral kills)
  An endoplasm (D:3)
1 creature vanquished.

Vanquished Creatures (others)
  3 orcs (D:3)
3 creatures vanquished.

Grand Total: 64 creatures vanquished

Notes
Turn   | Place    | Note
-------+----------+-------------------------------------------
     0 | D:1      | Armakuni the Draconian Artificer began the quest for the
                  | Orb.
     0 | D:1      | Reached XP level 1. HP: 16/16 MP: 1/1
    83 | D:1      | You fall into a shaft and drop 1 floor!
   295 | D:1      | Reached skill level 1 in Maces & Flails
   371 | D:1      | Reached XP level 2. HP: 23/23 MP: 2/2
   980 | D:2      | Reached skill level 4 in Evocations
  1019 | D:2      | Reached XP level 3. HP: 28/28 MP: 3/3
  1842 | D:3      | Reached XP level 4. HP: 11/35 MP: 4/4
  2165 | D:3      | Reached skill level 5 in Evocations
  2436 | D:3      | Found an iron altar of Okawaru.
  3161 | D:4      | Noticed a water moccasin
  3169 | D:4      | Killed a water moccasin
  3170 | D:4      | Reached skill level 6 in Evocations
  3170 | D:4      | Reached XP level 5. HP: 4/40 MP: 5/5
  3170 | D:4      | Succumbed to a water moccasin's poison

Illustrated notes

Levels and vault maps discovered:
D:1:      nagdon_arrival_double_spiral, layout_rooms
D:2:      layout_loops_corners
D:3:      layout_basic, kennysheep_okawaru_gauntlet,
          chequers_serial_rivers_small_a
D:4:      layout_layer_cave

Skill      XL: |  1  2  3  4 |
---------------+-------------+-----
Maces & Flails | 1 |  1.0
Evocations     | 4 6 |  6.5
Fighting       | |  1.1
Dodging        | |  2.1
Stealth        | |  0.8

Action                     |  1- 3 |  4- 6 || total
---------------------------+-------+-------++-------
  Melee: Whip              |   112 |       ||   112
         Club              |     7 |       ||     7
         Tailslap          |    14 |     8 ||    22
         Punch             |     1 |       ||     1
         Mace              |       |    61 ||    61
         Flail             |       |    42 ||    42
  Evoke: Wand              |    18 |     5 ||    23
    Use: Scroll            |     6 |     1 ||     7
         Potion            |       |     2 ||     2
   Stab: Sleeping          |     1 |       ||     1
 Armour: Skin              |    63 |   103 ||   166
  Dodge: Dodged            |    80 |    76 ||   156

Table legend: (Time is in decaauts)
 A = Elapsed time spent in this place.
 B = Non-inter-level travel time spent in this place.
 C = Inter-level travel time spent in this place.
 D = Time resting spent in this place.
 E = Time spent auto-exploring this place.
 F = Levels seen in this place.
 G = Mean time per level.
                   A        B        C        D        E       F      G
               +--------+--------+--------+--------+--------+-----+--------+
         Total |   3224 |   3140 |     84 |    310 |   1863 |   4 |  806.0 |
       Dungeon |   3224 |   3140 |     84 |    310 |   1863 |   4 |  806.0 |
               +--------+--------+--------+--------+--------+-----+--------+

Top non-repeatable levels by time:
     D:2: 1142 daAuts
     D:3: 803 daAuts
     D:1: 746 daAuts
     D:4: 532 daAuts
